 Dungeon Crawl Stone Soup version 0.24.0-123-gd5b16e6ec5 (webtiles) character file.

Game seed: 12875319511718540251, levelgen mode: deterministic

2980 Curus the Basher (level 9, -2/82 HPs)
             Began as a Minotaur Monk on Feb 8, 2020.
             Was an Elder of Makhleb.
             Slain by a freezing wraith (9 damage)
             ... led by a death knight
             ... on level 8 of the Dungeon.
             The game lasted 00:37:46 (6601 turns).

Curus the Basher (Minotaur Monk)                    Turns: 6601, Time: 00:37:47

Health: -2/82      AC:  8    Str: 17    XL:     9   Next: 53%
Magic:  0/7        EV: 16    Int:  7    God:    Makhleb [****..]
Gold:   194        SH:  0    Dex: 17    Spells: 8/8 levels left

rFire    . . .     SeeInvis .   e - +3 whip (vamp)
rCold    . . .     Gourm    .   (no shield)
rNeg     . . .     Faith    .   d - +0 ring mail
rPois    .         Spirit   +   (helmet restricted)
rElec    .         Reflect  .   h - +1 cloak
rCorr    .         Harm     .   (no gloves)
MR       +....                  z - +0 pair of boots
Stlth    +.........             q - amulet of guardian spirit
HPRegen  0.23/turn              l - ring of protection from magic
MPRegen  0.10/turn              n - ring of flight

@: about to teleport, slowed, very slow
A: retaliatory headbutt, horns 2, agile 1, low mp 1
a: Minor Destruction, Lesser Servant of Makhleb, Major Destruction, Renounce
Religion, Evoke Flight


You were on level 8 of the Dungeon.
You worshipped Makhleb.
Makhleb was greatly pleased with you.
You were near starving.

You visited 1 branch of the dungeon, and saw 8 of its levels.
You also visited: Sewer.

You collected 452 gold pieces.
You spent 258 gold pieces at shops.

Inventory:

Hand Weapons
 a - a +0 mace
 e - a +3 vampiric whip (weapon)
 o - a +0 flail
Armour
 b - a +0 robe
 d - a +0 ring mail (worn)
 h - a +1 cloak (worn)
 z - a +0 pair of boots (worn)
Jewellery
 j - an uncursed amulet of rage
 l - a ring of protection from magic (left hand)
 n - a ring of flight (right hand)
 q - an amulet of guardian spirit (around neck)
 C - an uncursed ring of teleportation
Wands
 u - a wand of random effects (12)
 w - a wand of flame (6)
 x - a wand of enslavement (7)
 y - a wand of polymorph (6)
 A - a wand of iceblast (9)
 B - a wand of disintegration (20)
Scrolls
 f - 5 scrolls of teleportation
 i - 5 scrolls of remove curse
 m - 8 scrolls of identify
 t - 2 scrolls of magic mapping
 v - a scroll of blinking
Potions
 g - 3 potions of brilliance
 k - 4 potions of heal wounds
 p - 3 potions of agility
 r - 3 potions of curing
 s - a potion of resistance
Comestibles
 c - 19 rations


   Skills:
 + Level 8.4 Fighting
 - Level 12.0 Maces & Flails
 + Level 7.7 Dodging
 - Level 1.5 Stealth


You had 8 spell levels left.
You didn't know any spells.
Your spell library was empty.

Dungeon Overview and Level Annotations

Branches:
Dungeon (8/15)             Temple (0/1) D:5           Sewer (visited)
   Lair: D:8-11

Altars:
Dithmenos
Fedhas
Gozag
Hepliaklqana
Makhleb
Nemelex Xobeh
Qazlal
Ru
Sif Muna
Trog
Uskayaw
Vehumet
Wu Jian
Xom

Shops:
D:7 *


Innate Abilities, Weirdness & Mutations

You reflexively headbutt those who attack you in melee.
You have a pair of horns on your head.
You are agile. (Dex +2)
Your magical capacity is low. (-10% MP)


Message History

You closely miss the freezing wraith.
Your headbutt misses the freezing wraith.
The freezing wraith is severely damaged.
The freezing wraith hits you! The freezing wraith freezes you!!
* * * LOW HITPOINT WARNING * * *
The freezing wraith completely misses you.
You hit the freezing wraith but do no damage.
The freezing wraith is severely damaged.
The freezing wraith barely misses you. x2
As you read the scroll of teleportation, it crumbles to dust.
You feel strangely unstable. The freezing wraith hits you.
* * * LOW HITPOINT WARNING * * *
The freezing wraith freezes you!
* * * LOW HITPOINT WARNING * * *
The freezing wraith completely misses you.
You are near starving!
You closely miss the freezing wraith.
The freezing wraith is severely damaged.
The freezing wraith hits you!
You die...

#........#.....##
#........#....##
###+###....#....#
#§§.≈≈#....#....#
#§§§≈§#....#....#
+.._..'....#....#
#≈§.≈≈#...Y#....#
####≈≈.≈≈#..WW#######
+##..###'#######@...!.#
..#{...........#......#
.WW........≈...#......#
..#............#......#
..#............#......#
..#.[..........#......#
..#............#......#
..#............#......#
###...##...#####


You could see 2 freezing wraiths and a sky beast.

Vanquished Creatures
  2 water moccasins (D:6)
  4 ice beasts
  2 orc warriors
  4 sky beasts
  A phantom (D:7)
  3 centaurs
  2 ogres
  A big kobold (Sewer)
  Blork the orc (D:5)
  A wyvern zombie (D:7)
  2 bullfrogs
  3 scorpions
  3 howler monkeys
  A crimson imp (D:5)
  A centaur zombie (D:5)
  3 hounds
  2 centaur skeletons
  Crazy Yiuf (D:2)
  An orc priest (D:5)
  2 bullfrog skeletons
  4 orc wizards
  A worker ant (D:6)
  A hound zombie (D:5)
  A hound skeleton (D:5)
  3 gnolls (D:3)
  5 adders
  2 shadow imps
  3 oozes
  4 adder skeletons
  2 worms (D:5)
  2 dart slugs
  2 leopard geckos
  21 orcs
  9 giant cockroaches
  7 goblins
  8 hobgoblins
  4 jackals (D:5)
  4 quokkas
  4 ball pythons (Sewer)
  A ball python skeleton (D:4)
  11 bats
  8 frilled lizards
  22 kobolds
  12 rats
181 creatures vanquished.

Notes
Turn   | Place    | Note
-------+----------+-------------------------------------------
     0 | D:1      | Curus the Minotaur Monk began the quest for the Orb.
     0 | D:1      | Reached XP level 1. HP: 19/19 MP: 0/0
    18 | D:1      | Reached skill level 4 in Maces & Flails
    34 | D:1      | Reached XP level 2. HP: 16/26 MP: 1/1
   417 | D:1      | Reached skill level 5 in Maces & Flails
   676 | D:1      | Reached XP level 3. HP: 31/31 MP: 2/2
   738 | D:2      | Noticed an ice beast
  1148 | D:2      | Found a hazy altar of Hepliaklqana.
  1148 | D:2      | Found an opulent altar of Gozag.
  1149 | D:2      | Found an ornate altar of the Wu Jian Council.
  1440 | D:2      | Found a runed translucent door.
  1441 | D:2      | Noticed Crazy Yiuf
  1570 | D:2      | Killed Crazy Yiuf
  1570 | D:2      | Reached skill level 6 in Maces & Flails
  1570 | D:2      | Reached XP level 4. HP: 30/39 MP: 3/3
  1874 | D:3      | Found a burning altar of Makhleb.
  1885 | D:3      | Reached skill level 7 in Maces & Flails
  1885 | D:3      | Reached XP level 5. HP: 37/45 MP: 4/4
  1893 | D:3      | Became a worshipper of Makhleb the Destroyer
  1893 | D:3      | Reached * piety under Makhleb
  1893 | D:3      | Reached ** piety under Makhleb
  2063 | D:3      | Found a shadowy altar of Dithmenos.
  2572 | D:4      | Found a shimmering altar of Xom.
  2631 | D:4      | Found a stormy altar of Qazlal.
  2669 | D:4      | Reached skill level 8 in Maces & Flails
  2669 | D:4      | Reached XP level 6. HP: 44/51 MP: 5/5
  3204 | D:5      | Entered Level 5 of the Dungeon
  3208 | D:5      | Found a radiant altar of Vehumet.
  3227 | D:5      | Reached skill level 9 in Maces & Flails
  3245 | D:5      | Found a staircase to the Ecumenical Temple.
  3310 | D:5      | Noticed an ice beast
  3321 | D:5      | Killed an ice beast
  3329 | D:5      | Reached XP level 7. HP: 29/57 MP: 6/6
  3391 | D:5      | Reached skill level 10 in Maces & Flails
  3417 | D:5      | Found a sparkling altar of Nemelex Xobeh.
  3462 | D:5      | Found a glowing drain.
  3477 | Sewer    | Entered a sewer
  3563 | Sewer    | Reached *** piety under Makhleb
  3786 | D:5      | Reached skill level 11 in Maces & Flails
  3824 | D:5      | Reached XP level 8. HP: 44/64 MP: 7/7
  3957 | D:5      | Noticed Blork the orc
  3972 | D:5      | Killed Blork the orc
  3972 | D:5      | Reached skill level 12 in Maces & Flails
  4560 | D:6      | Reached skill level 5 in Fighting
  4615 | D:6      | Found a bloodstained altar of Trog.
  4800 | D:6      | Reached skill level 5 in Dodging
  4878 | D:6      | Reached XP level 9. HP: 66/78 MP: 8/8
  4908 | D:6      | Reached **** piety under Makhleb
  5564 | D:7      | Found Gicyss's Assorted Antiques.
  5569 | D:7      | Bought a scroll labeled URELYOPOLA for 29 gold pieces
  5569 | D:7      | Bought a scroll of teleportation for 87 gold pieces
  5569 | D:7      | Bought a coppery potion for 26 gold pieces
  5569 | D:7      | Bought a bronze wand for 116 gold pieces
  5635 | D:7      | Found a shimmering blue altar of Sif Muna.
  5726 | D:7      | Found a hide-covered altar of Uskayaw.
  5932 | D:7      | Gained mutation: Your magical capacity is low. (-10% MP)
                  | [potion of mutation]
  5932 | D:7      | Gained mutation: You are agile. (Dex +2) [potion of
                  | mutation]
  6427 | D:8      | Found a sacrificial altar of Ru.
  6499 | D:8      | Found a blossoming altar of Fedhas.
  6559 | D:8      | Noticed a freezing wraith
  6560 | D:8      | Noticed a freezing wraith
  6601 | D:8      | Slain by a freezing wraith

Levels and vault maps discovered:
D:1:      erik_arrival_blinker_ship, layout_basic
D:2:      layout_rooms, gammafunk_temple_overflow_claw, serial_bayou_lake_a,
          uniq_crazy_yiuf_cottage
D:3:      layout_basic, makhleb_heckhound_becter,
          grunt_dithmenos_smoke_and_mirrors, kennysheep_generic_room_8
D:4:      layout_basic, nicolae_qazlal_general_emergency, xom_confusion_cloud
D:5:      layout_cave_pods, fiery_altar_vehumet, minmay_temple_entry_grid,
          first_ration, portal_sewer_entry_a, nemelex_dance_club_becter,
          uniq_blork_the_orc
D:6:      layout_loops_ring, nicolae_overflow_hidden_temple
D:7:      layout_rooms, eat_drink_and_be_merry_uskayaw, old_standard_altar,
          serial_shops, nicolae_shop_behind_doors
D:8:      layout_gridville, lemuel_coloured_pillars_altar,
          kennysheep_little_box, blue_anna_alchemist [blue_anna_fruit_fields,
          blue_anna_fruit_fields], dk_noncrumbling_3,
          nicolae_ru_sacrificial_ziggurat

Skill      XL: |  1  2  3  4  5  6  7  8  9 |
---------------+----------------------------+-----
Maces & Flails | 4 5 6 7 8 9 11 12 | 12.0
Fighting       | 6 8 |  8.4
Dodging        | 5 7 |  7.7
Stealth        | |  1.5

Action                   |  1- 3 |  4- 6 |  7- 9 || total
-------------------------+-------+-------+-------++-------
Melee: Mace              |    22 |       |       ||    22
       Headbutt          |    15 |    27 |   103 ||   145
       Whip              |   103 |   147 |   463 ||   713
Evoke: Wand              |       |       |     1 ||     1
  Use: Scroll            |     6 |       |     9 ||    15
       Potion            |     7 |     2 |     4 ||    13
 Stab: Sleeping          |     1 |       |     1 ||     2
  Eat: Chunk             |     2 |     2 |     6 ||    10
       Ration            |       |     1 |     1 ||     2
Armor: Robe              |     3 |       |       ||     3
       Ring mail         |    29 |    30 |    65 ||   124
Dodge: Dodged            |    58 |    62 |   160 ||   280
